cohdb
Replays
Latest Replays
All Replays
Popular Replays
Top Player Replays
Match Explorer
How It Works
Community
CoH3 Stats
Reddit
Sign in to upload your games and track your stats! →
Sign in with Steam
Match 41303488
Unlisted
Match 41303488
Overview
Messages
Build Orders
End
Panzergrenadier Squad
Selects Armored Support Battlegroup
Kradschützen Motorcycle Team
Panzergrenadier Squad
250 Light Carrier
Construct Light Support Kompanie
Combat Half-tracks
Selects Veteran Gunners
Construct Mechanized Kompanie
8 Rad Armored Car
Vehicle Survival Package
Tungsten Core Ammunition
Panzerjäger Mechanized Group
Veteran Squad Leaders
Construct Panzerarmee Kommand
Selects Flammpanzer III Medium Tank
Selects Salvage Kits
Panzer III L Medium Tank
Emergency Repair Kits
Walking Stuka Rocket Launcher
Panzergrenadier Squad
Advanced Optics
Selects Command Panzer IV F Medium Tank
Command Panzer IV F Medium Tank
Walking Stuka Rocket Launcher
Selects Panzer Storm
Command Panzer IV F Medium Tank
Rapid Advance
VonManteuffel
Heartless Jäger
DrinkIIScotch
[82AD] Janko
0
0
Comments
sign in to comment!
No comments posted yet!